 Dungeon Crawl Stone Soup version 0.30-a0-381-g6ea064c7b4 (webtiles) character file.

Game seed: 7347556325710525796

2867 garrulousMonolith the Carver (level 9, -11/71 HPs)
             Began as a Gnoll Reaver on Dec 1, 2022.
             Was an Initiate of Ashenzari.
             Mangled by a yak (13 damage)
             ... on level 7 of the Dungeon.
             The game lasted 00:11:06 (7609 turns).

garrulousMonolith the Carver (Gnoll Reaver)         Turns: 7609, Time: 00:11:06

Health: -11/71     AC:  9    Str: 12    XL:     9   Next: 75%
Magic:  19/19      EV: 13    Int: 19    God:    Ashenzari [......]
Gold:   412        SH:  5    Dex: 10    Spells: 10/22 levels left

rFire   . . .      SeeInvis .    p - +0 whip (elec)
rCold   . . .      Faith    .    (no shield)
rNeg    . . .      Spirit   .    K - +2 leather armour of the Rotten God {Fly Int+2}
rPois   +          Reflect  +    g - +0 helmet
rElec   .          Harm     .    n - +1 cloak {rPois}
rCorr   .          Rampage  .    (no gloves)
Will    +....                    (no boots)
Stlth   ++........               c - amulet "Share My Augurer" {Reflect SH+5, Alch, Elem} (curse)
HPRegen 0.31/turn                o - ring of willpower
MPRegen 0.16/turn                a - ring of poison resistance

@: flying
A: fangs 1, strong nose, distributed training
a: Renounce Religion, Curse Item, Shatter the Chains


You were on level 7 of the Dungeon.
You worshipped Ashenzari.
Ashenzari was noncommittal.
You visited 2 branches of the dungeon, and saw 8 of its levels.
You also visited: Sewer.

You collected 462 gold pieces.
You spent 50 gold pieces at shops.

Inventory:

Hand Weapons
 p - a +0 whip of electrocution (weapon)
 q - a +1 scimitar
 r - a +0 sling
 D - a +2 short sword of venom
Missiles
 s - a throwing net
Armour
 b - a +0 leather armour
 d - a +0 chain mail
 g - a +0 helmet (worn)
 n - a +1 cloak of poison resistance (worn)
 K - the +2 leather armour of the Rotten God (worn) {Fly Int+2}
   (You found it on level 6 of the Dungeon)

   Int:       It affects your intelligence (+2).
   Fly:       It grants you flight.
Jewellery
 a - a ring of poison resistance (right hand)
 c - the cursed amulet "Share My Augurer" (around neck) {Reflect SH+5, Alch, Elem}
   (You found it on level 1 of the Dungeon)

   [amulet of reflection]

   It reflects blocked missile attacks.
   SH:        It affects your SH (+5).
   It has a curse which improves the following skills: Alchemy: Poison Magic and
   Transmutations.
   Elements:  Fire Magic, Ice Magic, Air Magic and Earth Magic.
 o - a ring of willpower (left hand)
Wands
 v - a wand of charming (13)
Scrolls
 f - 2 scrolls of amnesia
 h - 2 scrolls of blinking {unknown}
 i - a scroll of torment {unknown}
 l - a scroll of magic mapping
 t - 3 scrolls of teleportation
 y - 2 scrolls of fear {unknown}
 z - a scroll of brand weapon {unknown}
 A - 2 scrolls of fog {unknown}
 E - 2 scrolls of noise {unknown}
 F - 2 scrolls of vulnerability {unknown}
 G - a scroll of enchant weapon {unknown}
 H - 2 scrolls of summoning {unknown}
 I - 2 scrolls of enchant armour {unknown}
Potions
 e - a potion of haste
 j - 2 potions of heal wounds
 k - a potion of flight {unknown}
 m - 2 potions of lignification {unknown}
 u - a potion of invisibility {unknown}
 x - a potion of degeneration {unknown}
 B - 3 potions of curing
 C - 3 potions of resistance {unknown}
 J - a potion of magic {unknown}


   Skills:
 + Level 6.6 Fighting
 + Level 4.7 Short Blades
 + Level 8.2 Long Blades
 + Level 4.7 Axes
 + Level 4.7 Maces & Flails
 + Level 4.7 Polearms
 + Level 4.7 Staves
 + Level 4.7 Ranged Weapons
 + Level 4.7 Throwing
 + Level 4.7 Armour
 + Level 6.6 Dodging
 + Level 4.7 Stealth
 + Level 4.7 Shields
 + Level 4.7 Unarmed Combat
 + Level 7.0 Spellcasting
 + Level 6.8 Conjurations
 + Level 3.9 Hexes
 + Level 3.9 Summonings
 + Level 3.9 Necromancy
 + Level 3.9 Translocations
 + Level 3.9(4.3) Transmutations
 + Level 3.9(4.3) Fire Magic
 + Level 3.9(4.3) Ice Magic
 + Level 3.9(4.3) Air Magic
 + Level 3.9(4.3) Earth Magic
 + Level 3.9(4.3) Poison Magic
 + Level 5.2 Invocations
 + Level 4.7 Evocations


You had 10 spell levels left.
You knew the following spells:

 Your Spells              Type           Power      Damage    Failure   Level
a - Sandblast             Erth           46%        2d11      2%          1
b - Stone Arrow           Conj/Erth      54%        3d10      4%          3
c - Passwall              Tmut/Erth      19%        N/A       3%          2
d - Kiss of Death         Conj/Necr      100%       2d13      1%          1
e - Hailstorm             Conj/Ice       27%        3d7       4%          3
f - Momentum Strike       Conj/Tloc      54%        3d9       2%          2

Your spell library contained the following spells:

 Spells                   Type           Power      Damage    Failure   Level
 Sublimation of Blood     Necr           21%        N/A       3%          2
 Wereblood                Tmut           23%        N/A       3%          2
 Dazzling Flash           Conj/Hex       54%        N/A       4%          3
 Gell's Gravitas          Tloc           21%        N/A       8%          3
 Lesser Beckoning         Tloc           42%        N/A       8%          3
 Teleport Other           Tloc           21%        N/A       8%          3
 Iskenderun's Mystic Bla  Conj/Tloc      27%        2d7       14%         4
 Starburst                Conj/Fire      13%        6d6       90%         6
 Summon Hydra             Summ           10%        N/A       100%        7


Dungeon Overview and Level Annotations

Branches:
Dungeon (7/15)             Temple (1/1) D:5           Sewer (visited)

Altars:
Ashenzari
Cheibriados
Dithmenos
Elyvilon
Fedhas
Gozag
Hepliaklqana
Kikubaaqudgha
Makhleb
Nemelex Xobeh
Okawaru
Qazlal
Ru
Sif Muna
Trog
Uskayaw
Vehumet
Wu Jian
Xom
Yredelemnul
Zin
The Shining One

Shops:
D:3 ?   D:6 *


Innate Abilities, Weirdness & Mutations

You have very sharp teeth.
Your uncanny sense of smell can sniff out nearby items.
Your experience applies equally to all skills.


Message History

You hit the yak.
The yak is lightly wounded.
You hit the yak but do no damage. Lightning courses through the yak!
The yak is moderately wounded.
You hit the yak but do no damage. You bite the yak, but do no damage.
The yak is moderately wounded.
The yak gores you but does no damage.
You hit the yak but do no damage.
The yak is moderately wounded.
You block the yak's attack.
You hit the yak but do no damage.
The yak is moderately wounded.
You barely miss the yak.
The yak is moderately wounded.
The yak gores you.
You barely miss the yak.
The yak is moderately wounded.
The yak gores you.
You hit the yak.
The yak is moderately wounded.
The yak gores you.
You closely miss the yak. You bite the yak, but do no damage.
The yak is moderately wounded.
The yak completely misses you.
You hit the yak but do no damage. Lightning courses through the yak!!
The yak is almost dead.
The yak gores you but does no damage.
You hit the yak but do no damage. Lightning courses through the yak!
You kill the yak!
Your Spellcasting skill increases to level 7!
The yak barely misses you. The yak closely misses you. The yak gores you! x2
You see here a yak corpse.
You hit the yak.
The yak is severely wounded.
The yak gores you!
* * * LOW HITPOINT WARNING * * *
The yak gores you!
* * * LOW HITPOINT WARNING * * *
The yak closely misses you. The yak gores you!
You die...

#. ?#### .. #. #...#
#..##.##...# ...........+
#.#.#..........# .
###.#.#.(........#
#.+..~.~~...~...Y..#
#.#....~~.....~YYY.#
##....~.~.~....Y@###
≈≈≈≈≈.~~~~≈~~~≈≈≈≈###
≈≈≈≈~~~~.~~~~~~≈≈≈≈≈#####
##.........~.~...####...#
#......~~~..~..#........#.#
#####.#.#.####.##.......#.#
......#.#....#.##.......#.#
####....#.##.#.##)......#.#
#....#.#.##.#...)......#.#


You could see 5 yaks.

Vanquished Creatures
  Pikel (D:7)
  Sigmund (D:6)
  2 yaks
  2 water moccasins
  3 black bears
  Pargi (Sewer)
  An ice beast (D:5)
  A sky beast (D:6)
  A kobold brigand (D:6)
  3 scorpions
  2 necrophages
  5 wights (D:7)
  A howler monkey (D:7)
  A hound (D:5)
  Crazy Yiuf (D:3)
  An orc priest (D:5)
  An iguana (D:5)
  6 orc wizards
  4 gnolls (D:3)
  9 adders
  A shadow imp (D:7)
  A white imp (D:5)
  5 worms
  A dart slug (D:1)
  23 orcs
  5 bats
  7 endoplasms
  7 giant cockroaches
  12 goblins
  4 hobgoblins
  5 quokkas
  7 ball pythons
  8 frilled lizards
  27 kobolds
  A rat (D:2)
161 creatures vanquished.

Vanquished Creatures (others)
  16 plants (D:6)
16 creatures vanquished.

Grand Total: 177 creatures vanquished

Notes
Turn   | Place    | Note
-------+----------+-------------------------------------------
     0 | D:1      | garrulousMonolith the Gnoll Reaver began the quest for the
                  | Orb.
     0 | D:1      | Reached XP level 1. HP: 20/20 MP: 6/6
   182 | D:1      | Reached XP level 2. HP: 21/26 MP: 7/7
   460 | D:1      | Reached skill level 5 in Spellcasting
   460 | D:1      | Reached XP level 3. HP: 31/31 MP: 7/9
   972 | D:2      | Reached skill level 1 in Invocations
  1090 | D:2      | Reached skill level 1 in Short Blades
  1090 | D:2      | Reached skill level 1 in Axes
  1090 | D:2      | Reached skill level 1 in Maces & Flails
  1090 | D:2      | Reached skill level 1 in Polearms
  1090 | D:2      | Reached skill level 1 in Staves
  1090 | D:2      | Reached skill level 1 in Ranged Weapons
  1090 | D:2      | Reached skill level 1 in Throwing
  1090 | D:2      | Reached skill level 1 in Armour
  1090 | D:2      | Reached skill level 1 in Stealth
  1090 | D:2      | Reached skill level 1 in Shields
  1090 | D:2      | Reached skill level 1 in Unarmed Combat
  1090 | D:2      | Reached skill level 1 in Evocations
  1439 | D:2      | Reached XP level 4. HP: 38/38 MP: 11/11
  1729 | D:2      | Learned a level 2 spell: Momentum Strike
  1733 | D:2      | Learned a level 3 spell: Hailstorm
  1956 | D:2      | Reached skill level 1 in Hexes
  1956 | D:2      | Reached skill level 1 in Summonings
  1956 | D:2      | Reached skill level 1 in Necromancy
  1956 | D:2      | Reached skill level 1 in Translocations
  1956 | D:2      | Reached skill level 1 in Transmutations
  1956 | D:2      | Reached skill level 1 in Fire Magic
  1956 | D:2      | Reached skill level 1 in Ice Magic
  1956 | D:2      | Reached skill level 1 in Air Magic
  1956 | D:2      | Reached skill level 1 in Earth Magic
  1956 | D:2      | Reached skill level 1 in Poison Magic
  1984 | D:2      | Reached XP level 5. HP: 26/43 MP: 12/12
  2352 | D:3      | Found an iron altar of Okawaru.
  2432 | D:3      | Found Zolabb's Magic Scroll Shoppe.
  2439 | D:3      | Bought a scroll of identify for 20 gold pieces
  2439 | D:3      | Bought a scroll of teleportation for 30 gold pieces
  2473 | D:3      | Found a runed translucent door.
  2474 | D:3      | Noticed Crazy Yiuf
  2716 | D:3      | Killed Crazy Yiuf
  2895 | D:4      | Reached XP level 6. HP: 50/50 MP: 13/13
  2908 | D:4      | Reached skill level 5 in Fighting
  2908 | D:4      | Reached skill level 5 in Dodging
  3880 | D:5      | Entered Level 5 of the Dungeon
  4046 | D:5      | Found a staircase to the Ecumenical Temple.
  4058 | Temple   | Entered the Ecumenical Temple
  4096 | Temple   | Became a worshipper of Ashenzari the Shackled
  4417 | D:5      | Reached skill level 7 in Long Blades
  4417 | D:5      | Reached XP level 7. HP: 43/56 MP: 15/15
  4764 | D:5      | Learned a level 1 spell: Sandblast
  4767 | D:5      | Learned a level 2 spell: Passwall
  5569 | D:6      | Found Nyczacesk's General Store.
  5604 | D:6      | Found a glowing drain.
  5626 | Sewer    | Entered a sewer
  5647 | Sewer    | Noticed Pargi
  5658 | Sewer    | Killed Pargi
  5659 | Sewer    | Reached XP level 8. HP: 53/63 MP: 16/16
  5901 | D:6      | Identified the +2 leather armour of the Rotten God {Fly
                  | Int+2}
  5918 | D:6      | Learned a level 3 spell: Stone Arrow
  6071 | D:6      | Found a glowing silver altar of Zin.
  6113 | D:6      | Found a glowing golden altar of the Shining One.
  6113 | D:6      | Found an opulent altar of Gozag.
  6168 | D:6      | Noticed Sigmund
  6173 | D:6      | Killed Sigmund
  6559 | D:6      | Noticed a yak
  6567 | D:6      | Killed a yak
  6568 | D:6      | Reached XP level 9. HP: 54/69 MP: 5/18
  7363 | D:7      | Noticed Pikel
  7380 | D:7      | Killed Pikel
  7381 | D:7      | Reached skill level 8 in Long Blades
  7381 | D:7      | Reached skill level 5 in Invocations
  7609 | D:7      | HP: 2/71 [yak (13)]
  7609 | D:7      | Mangled by a yak

Illustrated notes

Levels and vault maps discovered:
D:1:      minmay_arrival_semitransparent, layout_loops_ring
D:2:      layout_basic, minmay_misc_feat_tiny
D:3:      layout_basic, okawaru_trees_2, serial_shops, shop,
          uniq_crazy_yiuf_cottage
D:4:      layout_basic
D:5:      layout_loops_corners, minmay_temple_entry_trees, dk_rats_in_the_wall
D:6:      kennysheep_kobold_camp, layout_rooms, grunt_temple_overflow_open,
          mainiacjoe_overflow_brackets, cheibrodos_sewer_entry_bend,
          serial_shops, nicolae_square_shop, serial_corexii_hall,
          corexii_hall_statues_t, chequers_hall_statues_corner_a,
          corexii_hall_statues_s, corexii_hall_statues_t,
          chequers_hall_statues_y, corexii_hall_statues_l,
          kennysheep_generic_room_10, uniq_sigmund
D:7:      layout_basic, chequers_mini_garden, serial_bayou_pond_d,
          chequers_serial_rivers_small_3, nrook_uturn, uniq_pikel
Temple:   mainiacjoe_temple_bowtie_tessellation

Skill      XL: |  1  2  3  4  5  6  7  8  9 |
---------------+----------------------------+-----
Spellcasting   | 5 6 7 |  7.0
Invocations    | 1 2 3 4 5 |  5.2
Short Blades   | 1 2 3 4 |  4.7
Axes           | 1 2 3 4 |  4.7
Maces & Flails | 1 2 3 4 |  4.7
Polearms       | 1 2 3 4 |  4.7
Staves         | 1 2 3 4 |  4.7
Ranged Weapons | 1 2 3 4 |  4.7
Throwing       | 1 2 3 4 |  4.7
Armour         | 1 2 3 4 |  4.7
Stealth        | 1 2 3 4 |  4.7
Shields        | 1 2 3 4 |  4.7
Unarmed Combat | 1 2 3 4 |  4.7
Evocations     | 1 2 3 4 |  4.7
Hexes          | 1 2 3 |  3.9
Summonings     | 1 2 3 |  3.9
Necromancy     | 1 2 3 |  3.9
Translocations | 1 2 3 |  3.9
Transmutations | 1 2 3 |  3.9
Fire Magic     | 1 2 3 |  3.9
Ice Magic      | 1 2 3 |  3.9
Air Magic      | 1 2 3 |  3.9
Earth Magic    | 1 2 3 |  3.9
Poison Magic   | 1 2 3 |  3.9
Fighting       | 5 6 |  6.6
Dodging        | 5 6 |  6.6
Long Blades    | 7 8 |  8.2
Conjurations   | 6 |  6.8

Action                   |  1- 3 |  4- 6 |  7- 9 || total
-------------------------+-------+-------+-------++-------
Melee: Falchion          |   126 |    54 |       ||   180
       Bite              |    10 |    34 |    41 ||    85
       Punch             |       |     3 |    14 ||    17
       Morningstar       |       |   114 |       ||   114
       Dagger            |       |    71 |    63 ||   134
       Short sword       |       |       |   160 ||   160
       Whip              |       |       |    40 ||    40
       Scimitar          |       |       |    31 ||    31
 Cast: Stone Arrow       |       |       |    19 ||    19
       Sandblast         |       |       |    20 ||    20
Invok: Curse Item        |       |       |     1 ||     1
  Use: Scroll            |       |     5 |     2 ||     7
       Potion            |       |     2 |       ||     2
 Stab: Sleeping          |       |       |     1 ||     1
Armor: Chain mail        |    69 |    19 |       ||    88
       Ring mail         |       |    65 |    37 ||   102
       Leather armour    |       |       |    50 ||    50
Dodge: Dodged            |    29 |    93 |   139 ||   261
Block: Other             |    30 |    46 |    47 ||   123
       Reflection        |     2 |     1 |     2 ||     5

Table legend: (Time is in decaauts)
 A = Elapsed time spent in this place.
 B = Non-inter-level travel time spent in this place.
 C = Inter-level travel time spent in this place.
 D = Time resting spent in this place.
 E = Time spent auto-exploring this place.
 F = Levels seen in this place.
 G = Mean time per level.
                   A        B        C        D        E       F      G
               +--------+--------+--------+--------+--------+-----+--------+
         Total |   7655 |   7393 |    262 |    953 |   4989 |   9 |  850.6 |
       Dungeon |   7126 |   6918 |    208 |    953 |   4615 |   7 | 1018.0 |
        Temple |    261 |    207 |     54 |      0 |    190 |   1 |  261.0 |
         Sewer |    268 |    268 |      0 |      0 |    184 |   1 |  268.0 |
               +--------+--------+--------+--------+--------+-----+--------+

Top non-repeatable levels by time:
     D:5: 1364 daAuts
     D:6: 1331 daAuts
     D:2: 1307 daAuts
     D:4: 1014 daAuts
     D:3: 908 daAuts
     D:1: 694 daAuts
     D:7: 506 daAuts
   Sewer: 268 daAuts
  Temple: 261 daAuts
